 Dungeon Crawl Stone Soup version 0.23-a0-183-gf37f6fb (webtiles) character file.

26658 tsouns the Eclecticist (level 13, -5/76 HPs)
             Began as a Deep Elf Conjurer on Sept 22, 2018.
             Was an Elder of Vehumet.
             Slain by a phantasmal warrior (32 damage)
             ... led by a death knight
             ... on level 14 of the Dungeon.
             The game lasted 01:08:57 (16729 turns).

tsouns the Eclecticist (Deep Elf Conjurer)         Turns: 16729, Time: 01:08:58

Health: -5/76      AC: 11    Str:  5    XL:     13   Next: 0%
Magic:  11/34      EV: 19    Int: 26    God:    Vehumet [****..]
Gold:   1276       SH:  0    Dex: 19    Spells: 9/42 levels left

rFire    . . .     SeeInvis .   Q - +11 broad axe of Insufficient Pleasure {protect, Dex+4}
rCold    + . .     Gourm    .   (no shield)
rNeg     . . .     Faith    .   t - +0 robe {MR+}
rPois    .         Spirit   .   (no helmet)
rElec    .         Reflect  .   p - +2 cloak
rCorr    +         Harm     .   D - +2 pair of gloves
MR       ++...                  m - +2 pair of boots
Stlth    +++.......             (no amulet)
HPRegen  0.22/turn              A - ring of resist corrosion
MPRegen  0.24/turn              H - ring of protection from cold

@: about to teleport
A: no striking features
a: Renounce Religion


You were on level 14 of the Dungeon.
You worshipped Vehumet.
Vehumet was greatly pleased with you.
You were hungry.

You visited 2 branches of the dungeon, and saw 15 of its levels.
You also visited: Bailey.

You collected 1404 gold pieces.
You spent 128 gold pieces at shops.

Inventory:

Hand Weapons
 Q - the +11 broad axe of Insufficient Pleasure (weapon) {protect, Dex+4}
   (You found it on level 14 of the Dungeon)

   It protects the one who uses it against injury (+AC on strike).
   It affects your dexterity (+4).
 R - the +7 hunting sling of Action {venom, rC++}
   (You found it on level 12 of the Dungeon)

   It poisons the ammo it fires.
   It greatly protects you from cold.
Missiles
 b - 5 javelins (quivered)
 g - 117 sling bullets
 j - 326 stones
 w - 48 tomahawks of returning
Armour
 m - a +2 pair of boots (worn)
 p - a +2 cloak (worn)
 t - a +0 robe of magic resistance (worn)
 D - a +2 pair of gloves (worn)
 P - +0 acid dragon scales
 S - a +0 robe of fire resistance
Jewellery
 i - an uncursed ring of ice
 A - a ring of resist corrosion (left hand)
 H - a ring of protection from cold (right hand)
Wands
 l - a wand of paralysis (29)
 J - a wand of random effects (29)
 L - a wand of disintegration (10)
 T - a wand of flame (21)
Scrolls
 a - a scroll of immolation
 e - a scroll of teleportation
 k - 8 scrolls of remove curse
 y - 3 scrolls of fear
 C - 4 scrolls of enchant armour
 M - a scroll of blinking
 O - a scroll of enchant weapon
Potions
 d - 2 potions of agility
 f - 5 potions of haste
 n - a potion of invisibility
 o - 2 potions of ambrosia
 q - 3 potions of might
 r - 3 potions of brilliance
 s - 4 potions of resistance
 u - 2 potions of curing
 v - a potion of lignification
 z - a potion of magic
 B - 2 potions of flight
 K - 2 potions of heal wounds {unknown}
 N - 2 potions of mutation {unknown}
Miscellaneous
 F - a fan of gales
 G - a phial of floods (inert)
Comestibles
 c - 19 rations
 h - 3 chunks of flesh


   Skills:
 - Level 6.9 Fighting
 - Level 3.4 Slings
 - Level 8.9 Dodging
 - Level 6.0 Stealth
 + Level 15.0 Spellcasting
 + Level 13.3 Conjurations
 * Level 6.7 Fire Magic
 - Level 3.4 Poison Magic
 - Level 2.0 Evocations


You had 9 spell levels left.
You knew the following spells:

 Your Spells              Type           Power        Failure   Level  Hunger
a - Magic Dart            Conj           ####         0%          1    None
b - Searing Ray           Conj           ######       0%          2    None
c - Dazzling Spray        Conj/Hex       ######       1%          3    None
d - Iskenderun's Mystic   Conj           ######..     1%          4    None
e - Force Lance           Conj/Tloc      ######..     1%          4    None
f - Fulminant Prism       Conj/Hex       ######....   1%          4    None
g - Poison Arrow          Conj/Pois      ######....   3%          6    ####...
h - Fire Storm            Conj/Fire      ######....   100%        9    #######

Your spell library contained the following spells:

 Spells                   Type           Power        Failure   Level  Hunger
 Airstrike                Air            ###.......   7%          4    None
 Irradiate                Conj/Tmut      ######....   1%          5    #......
 Summon Small Mammal      Summ           ###.         2%          1    None
 Call Imp                 Summ           ###.....     4%          2    None
 Call Canine Familiar     Summ           ###.....     9%          3    None
 Summon Guardian Golem    Hex/Summ       ###.....     9%          3    None
 Yara's Violent Unravell  Hex/Tmut       ###.......   19%         5    #......
 Cause Fear               Hex            ###.......   26%         4    None
 Summon Ice Beast         Ice/Summ       ###.....     26%         4    None
 Summon Lightning Spire   Summ/Air       ###.....     26%         4    None
 Silence                  Hex/Air        ###.......   58%         5    #......
 Chain Lightning          Conj/Air       ######....   94%         8    #######
 Lehudib's Crystal Spear  Conj/Erth      ######....   94%         8    #######
 Deflect Missiles         Chrm/Air       ###.......   99%         6    ####...
 Hydra Form               Tmut           ###.......   99%         6    ####...
 Statue Form              Tmut/Erth      ###......    99%         6    ####...
 Dragon Form              Tmut           ###.......   100%        7    ######.
 Discord                  Hex            ###.......   100%        8    #######
 Glaciate                 Conj/Ice       ######....   100%        9    #######


Dungeon Overview and Level Annotations

Branches:
Dungeon (14/15)            Temple (1/1) D:6            Lair (0/6) D:8
    Orc (0/2) D:9
 Vaults: D:13-14

Altars:
Ashenzari
Cheibriados
Dithmenos
Elyvilon
Fedhas
Gozag
Hepliaklqana
Kikubaaqudgha
Makhleb
Nemelex Xobeh
Okawaru
Qazlal
Ru
Sif Muna
Trog
Uskayaw
Vehumet
Wu Jian
Xom
Yredelemnul
Zin
The Shining One

Shops:
D:8 *

Annotations:
D:13 1 transporter


Message History

Aiming: Iskenderun's Mystic Blast (safe; 1% risk of failure)
Press: ? - help, Shift-Dir - straight line, f/p - skeletal warrior
Aim: a skeletal warrior, wielding a dire flail (heavily damaged)
The orb of energy hits the skeletal warrior.
The skeletal warrior is severely damaged.
The orb of energy explodes!
The phantasmal warrior blinks!
The skeletal warrior throws a stone.
The stone hits you!
Unknown command.
Unknown command.
Casting: Iskenderun's Mystic Blast (safe; 1% risk of failure)
Confirm with . or Enter, or press ? or * to list all spells.
Aiming: Iskenderun's Mystic Blast (safe; 1% risk of failure)
Press: ? - help, Shift-Dir - straight line, f - phantasmal warrior, p -
Aim: a phantasmal warrior (moderately damaged)
The orb of energy misses the phantasmal warrior.
The phantasmal warrior hits you!!
The skeletal warrior throws a stone.
The stone hits you but does no damage.
As you read the scroll of teleportation, it crumbles to dust.
You feel strangely unstable. The phantasmal warrior hits you!!
You die...

##### ##...#
#..W.##
##..@..#
##...W..#
#.......#
#.......#
#......##
#...z.## ##.
###(.##.....
##(.......
#........


You could see a skeletal warrior, a phantasmal warrior and a wraith.

Vanquished Creatures
  Nessos (D:14)
  A hydra (D:13)
  3 centaur warriors
  A death knight (D:14)
  2 two-headed ogres (D:8)
  2 unseen horrors
  An orc knight (Bailey)
  3 ugly things
  3 gargoyles
  A kobold demonologist (D:8)
  A komodo dragon (D:8)
  A tengu conjurer (D:14)
  3 meliai (D:12)
  2 trolls (D:13)
  2 hippogriffs
  2 shadows
  A wraith (D:12)
  Eustachio (D:5)
  A human (D:7)
  9 yaks
  4 wyverns
  4 hogs (D:7)
  Menkaure (D:7)
  5 hungry ghosts
  2 vampire mosquitoes (D:13)
  A soldier ant (D:9)
  2 water moccasins
  20 orc warriors
  2 sky beasts
  2 ice beasts
  14 ogres
  3 black bears
  5 phantoms
  An eye of draining (D:13)
  14 centaurs
  2 crocodiles
  12 bullfrogs
  2 wyvern zombies (D:11)
  A wyvern skeleton (D:13)
  A troll zombie (D:9)
  5 scorpions
  13 wights
  7 killer bees
  A howler monkey (D:9)
  8 crimson imps
  4 bullfrog zombies
  6 hounds
  6 orc priests
  A quasit (D:7)
  Crazy Yiuf (D:2)
  5 centaur skeletons
  4 jellies
  12 orc wizards
  4 bullfrog skeletons
  6 iguanas
  10 worker ants
  5 ogre zombies (D:9)
  A hound zombie (D:5)
  6 gnolls
  12 adders
  4 shadow imps
  3 oozes
  An adder zombie (D:5)
  4 dart slugs
  2 worms
  A leopard gecko (D:5)
  70 orcs
  4 bats
  5 giant cockroaches
  12 goblins
  4 hobgoblins
  5 jackals
  A quokka (D:7)
  5 ball pythons
  A ball python skeleton (D:4)
  3 frilled lizards
  2 goblin skeletons (D:9)
  2 goblin zombies (D:9)
  2 hobgoblin skeletons (D:9)
  4 hobgoblin zombies (D:9)
  22 kobolds
  9 orc zombies (D:9)
  11 rats
433 creatures vanquished.

Vanquished Creatures (collateral kills)
  An acid dragon (D:14)
  An orc wizard (D:12)
2 creatures vanquished.

Vanquished Creatures (others)
  An unseen horror (D:13)
  An orc wizard (D:8)
  A worker ant zombie (D:8)
  An orc (D:8)
  3 kobolds (D:8)
  3 fulminant prisms
  A plant (D:8)
11 creatures vanquished.

Grand Total: 446 creatures vanquished

Notes
Turn   | Place    | Note
-------+----------+-------------------------------------------
     0 | D:1      | tsouns the Deep Elf Conjurer began the quest for the Orb.
     0 | D:1      | Reached XP level 1. HP: 10/10 MP: 6/6
   392 | D:1      | Reached XP level 2. HP: 14/15 MP: 3/8
   618 | D:1      | Reached skill level 4 in Spellcasting
   640 | D:1      | Reached XP level 3. HP: 19/19 MP: 3/10
   644 | D:1      | Learned a level 2 spell: Searing Ray
   648 | D:1      | Learned a level 3 spell: Dazzling Spray
   679 | D:1      | Reached skill level 5 in Conjurations
  1026 | D:2      | Found a glowing golden altar of the Shining One.
  1046 | D:2      | Found a shattered altar of Ashenzari.
  1049 | D:2      | Found a basalt altar of Yredelemnul.
  1129 | D:2      | Found a burning altar of Makhleb.
  1470 | D:2      | Found a runed door.
  1474 | D:2      | Noticed Crazy Yiuf
  1479 | D:2      | Killed Crazy Yiuf
  1479 | D:2      | Reached XP level 4. HP: 24/24 MP: 4/12
  1511 | D:2      | Reached skill level 5 in Spellcasting
  2521 | D:4      | Reached XP level 5. HP: 28/28 MP: 10/14
  2695 | D:4      | Noticed a phantom
  2702 | D:4      | Reached skill level 6 in Spellcasting
  2741 | D:4      | Killed a phantom
  2741 | D:4      | Reached XP level 6. HP: 20/32 MP: 0/17
  3026 | D:4      | Reached skill level 7 in Spellcasting
  3085 | D:4      | Reached XP level 7. HP: 36/36 MP: 11/19
  3334 | D:5      | Entered Level 5 of the Dungeon
  3699 | D:5      | Reached skill level 8 in Spellcasting
  3966 | D:5      | Noticed Eustachio
  3981 | D:5      | Killed Eustachio
  4005 | D:5      | Learned a level 4 spell: Iskenderun's Mystic Blast
  4010 | D:5      | Learned a level 4 spell: Force Lance
  4015 | D:5      | Learned a level 4 spell: Fulminant Prism
  4091 | D:5      | Noticed a moth of wrath
  4094 | D:5      | Found a bloodstained altar of Trog.
  4313 | D:6      | Reached skill level 9 in Spellcasting
  4365 | D:6      | Found a staircase to the Ecumenical Temple.
  4372 | D:6      | Reached XP level 8. HP: 34/41 MP: 16/23
  4385 | Temple   | Entered the Ecumenical Temple
  4534 | D:6      | Found a burning altar of Makhleb.
  5066 | D:6      | Reached skill level 10 in Spellcasting
  5350 | D:7      | Noticed Menkaure
  5352 | D:7      | Killed Menkaure
  5369 | D:7      | Found a flagged portal.
  5376 | D:7      | Reached skill level 1 in Fighting
  5388 | Bailey   | Entered a bailey
  5395 | Bailey   | Noticed an orc knight
  5993 | Bailey   | Reached XP level 9. HP: 48/48 MP: 8/25
  6186 | Bailey   | Killed an orc knight
  6186 | Bailey   | Reached skill level 11 in Spellcasting
  6186 | Bailey   | Reached skill level 10 in Conjurations
  6222 | Bailey   | Reached skill level 5 in Dodging
  7451 | D:7      | Got a fine buckler
  7457 | D:7      | Identified the -1 buckler of the Other World {-Cast rElec
                  | rC+++ Dex+2} (You found it on level 7 of the Dungeon)
  7725 | D:7      | Reached XP level 10. HP: 39/56 MP: 1/27
  7868 | D:8      | Found a staircase to the Lair.
  8149 | D:8      | Reached skill level 12 in Spellcasting
  8289 | D:8      | Noticed a two-headed ogre
  8293 | D:8      | Killed a two-headed ogre
  8478 | D:8      | Noticed a two-headed ogre
  8483 | D:8      | Noticed a two-headed ogre
  8600 | D:8      | Found a radiant altar of Vehumet.
  8615 | D:8      | Became a worshipper of Vehumet
  8641 | D:8      | Found Gomy's General Store.
  8649 | D:8      | Bought a potion of curing for 48 gold pieces
  8649 | D:8      | Bought a scroll of teleportation for 48 gold pieces
  8649 | D:8      | Bought a scroll of identify for 32 gold pieces
  8973 | D:8      | Found a blossoming altar of Fedhas.
  8973 | D:8      | Found a faded altar of an unknown god.
  8978 | D:8      | Found a faded altar of an unknown god.
  8980 | D:8      | Found a stormy altar of Qazlal.
  8981 | D:8      | Found a glowing silver altar of Zin.
  9134 | D:8      | Killed a two-headed ogre
  9134 | D:8      | Reached skill level 5 in Fighting
  9558 | D:9      | Reached * piety under Vehumet
  9558 | D:9      | Offered knowledge of Flame Tongue by Vehumet.
  9891 | D:9      | Reached XP level 11. HP: 56/64 MP: 16/29
 10170 | D:9      | Offered knowledge of Sandblast by Vehumet.
 10172 | D:9      | Reached ** piety under Vehumet
 10178 | D:9      | Found a staircase to the Orcish Mines.
 10352 | D:9      | Reached skill level 13 in Spellcasting
 11234 | D:9      | Offered knowledge of Throw Frost by Vehumet.
 11359 | D:10     | Entered Level 10 of the Dungeon
 11586 | D:10     | Reached skill level 1 in Evocations
 11676 | D:10     | Reached *** piety under Vehumet
 11820 | D:10     | Found a shimmering altar of Xom.
 12104 | D:11     | Found a blossoming altar of Fedhas.
 12483 | D:11     | Learned a level 6 spell: Poison Arrow
 12500 | D:11     | Offered knowledge of Ignite Poison by Vehumet.
 12565 | D:11     | Reached skill level 1 in Poison Magic
 12643 | D:11     | Killed an unseen horror
 13138 | D:12     | Reached skill level 5 in Stealth
 13206 | D:12     | Reached **** piety under Vehumet
 13487 | D:12     | Noticed a red ugly thing
 13493 | D:12     | Killed a red ugly thing
 13503 | D:12     | Killed an unseen horror
 13612 | D:12     | Reached XP level 12. HP: 71/71 MP: 12/31
 13626 | D:11     | Reached skill level 14 in Spellcasting
 13771 | D:12     | Got a faintly glowing hunting sling
 13772 | D:12     | Identified the +7 hunting sling of Action {venom, rC++}
                  | (You found it on level 12 of the Dungeon)
 13783 | D:12     | Offered knowledge of Inner Flame by Vehumet.
 14044 | D:12     | Reached skill level 1 in Slings
 14063 | D:12     | Learned a level 9 spell: Fire Storm
 14304 | D:12     | Reached skill level 1 in Fire Magic
 14460 | D:13     | Noticed a centaur warrior
 14464 | D:13     | Killed a centaur warrior
 14729 | D:13     | Noticed a centaur warrior
 14733 | D:13     | Killed a centaur warrior
 14953 | D:13     | Noticed a five-headed hydra
 14955 | D:13     | Reached ***** piety under Vehumet
 14955 | D:13     | Offered knowledge of Airstrike by Vehumet.
 15193 | D:13     | Killed a five-headed hydra
 15328 | D:13     | Found a transporter.
 15394 | D:13     | Reached skill level 5 in Fire Magic
 15861 | D:14     | Noticed a centaur warrior
 15864 | D:14     | Killed a centaur warrior
 16437 | D:14     | Got a warped broad axe
 16448 | D:13     | Identified the +11 broad axe of Insufficient Pleasure
                  | {protect, Dex+4} (You found it on level 14 of the Dungeon)
 16489 | D:14     | Noticed Nessos
 16498 | D:14     | Killed Nessos
 16651 | D:14     | Reached skill level 15 in Spellcasting
 16713 | D:14     | Noticed a death knight
 16719 | D:14     | Killed a death knight
 16719 | D:14     | Reached XP level 13. HP: 57/76 MP: 5/34
 16729 | D:14     | Slain by a phantasmal warrior

Vault maps used:
D:1:      dpeg_arrival_brainrot
D:2:      grunt_temple_overflow_cloverleaf, first_ration,
          uniq_crazy_yiuf_cottage
D:5:      tgw_trog, uniq_eustachio
D:6:      minmay_temple_entry_nine_rooms, serial_glass, glass_columns_a,
          glass_columns_a, bloody_makhleb
D:7:      enter_bailey_2, grunt_livestock, serial_park_tiny_pond, uniq_menkaure
D:8:      chequers_temple_overflow_minitemple, fiery_altar_vehumet,
          david_lair_shrubbed, serial_shops, kennysheep_mini_moat
D:9:      zombieorc1_lemuel
D:10:     basic_altar
D:11:     fedhas_altar_1
D:13:     gammafunk_the_bubble
D:14:     david_vaults_5, minmay_misc_feat_hallway, serial_column_ruins,
          column_ruins_hut, column_ruins_grid_2, column_ruins_columns_water,
          column_ruins_grid_3, column_ruins_open_small,
          statue_in_the_mist_lemuel, uniq_nessos
Temple:   nicolae_temple_god_jail
Bailey:   bailey_axe_4, bailey

Skill      XL: |  1  2  3  4  5  6  7  8  9 10 11 12 |
---------------+-------------------------------------+-----
Spellcasting   | 4 5 6 7 9 10 11 12 13 15 | 15.0
Conjurations   | 5 6 7 8 9 10 11 12 13 | 13.3
Fighting       | 2 3 5 6 |  6.9
Dodging        | 4 6 8 |  8.9
Stealth        | 5 6 |  6.0
Evocations     | 2 |  2.0
Poison Magic   | 3 |  3.4
Slings         | 3 |  3.4
Fire Magic     | 6 |  6.7

Action                   |  1- 3 |  4- 6 |  7- 9 | 10-12 | 13-15 || total
-------------------------+-------+-------+-------+-------+-------++-------
Melee: Short sword       |     2 |       |       |       |       ||     2
       Hunting sling     |       |       |       |     2 |       ||     2
 Fire: Hunting sling     |    22 |    25 |    32 |   194 |       ||   273
 Cast: Magic Dart        |    62 |    49 |   104 |    12 |       ||   227
       Searing Ray       |     3 |    12 |    36 |    16 |       ||    67
       Fulminant Prism   |       |       |     2 |     1 |       ||     3
       Iskenderun's Myst |       |       |    54 |   390 |     4 ||   448
       Dazzling Spray    |       |       |     3 |     8 |       ||    11
       Poison Arrow      |       |       |       |     3 |       ||     3
Evoke: Phial of floods   |       |       |     1 |     2 |       ||     3
       Wand              |       |       |       |     5 |       ||     5
  Use: Scroll            |       |     7 |     6 |    16 |     1 ||    30
       Potion            |       |       |     5 |       |     1 ||     6
  Eat: Chunk             |     2 |     4 |    11 |    17 |       ||    34
       Ration            |       |       |     1 |     3 |       ||     4
Armor: Robe              |     1 |     2 |    36 |    38 |     1 ||    78
       Acid dragon scale |       |       |       |    33 |       ||    33
Dodge: Dodged            |    18 |     7 |    69 |   149 |       ||   243

Table legend:
 A = Non-vault XP
 B = Vault XP
 C = Vault XP percentage of total XP
 D = Non-vault monster count
 E = Vault monster count
 F = Vault count percentage of total count
                 A         B        C        D         E       F
            +---------+---------+-------+---------+---------+-------
      Total |   30457 |    7627 |  20.0 |     316 |     120 |  27.5
            +---------+---------+-------+---------+---------+-------
        D:1 |      43 |       2 |   4.4 |      22 |       1 |   4.3
        D:2 |      48 |      41 |  46.1 |      13 |       1 |   7.1
        D:3 |      39 |       0 |   0.0 |      12 |       0 |   0.0
        D:4 |     564 |       0 |   0.0 |      19 |       0 |   0.0
        D:5 |     373 |     211 |  36.1 |      20 |       5 |  20.0
        D:6 |     715 |       1 |   0.1 |      15 |       1 |   6.2
        D:7 |    1007 |    1168 |  53.7 |      26 |       6 |  18.8
        D:8 |    3314 |     350 |   9.6 |      28 |       1 |   3.4
        D:9 |    2194 |    1779 |  44.8 |      32 |      53 |  62.4
       D:10 |    1614 |       0 |   0.0 |       8 |       0 |   0.0
       D:11 |    3257 |       0 |   0.0 |      38 |       0 |   0.0
       D:12 |    5952 |     944 |  13.7 |      31 |      22 |  41.5
       D:13 |    8485 |       0 |   0.0 |      42 |       0 |   0.0
       D:14 |    2852 |    1659 |  36.8 |      10 |       3 |  23.1
     Bailey |       0 |    1472 | 100.0 |       0 |      27 | 100.0
            +---------+---------+-------+---------+---------+-------
